[Event "Sautron op 14th"]
[Site "Sautron"]
[Date "2014.11.01"]
[Round "9"]
[White "Bailet, Pierre"]
[Black "Terrieux, Kevin"]
[Result "1/2-1/2"]
[ECO "A49"]
[WhiteElo "2485"]
[BlackElo "2409"]
[Annotator "RR"]
[PlyCount "49"]
[EventDate "2014.10.26"]
[EventType "swiss"]
[EventRounds "9"]
[EventCountry "FRA"]
[SourceTitle "EXT 2015"]
[Source "ChessBase"]
[SourceDate "2014.11.20"]
[SourceVersion "1"]
[SourceVersionDate "2014.11.20"]
[SourceQuality "1"]
[TimeControl "40/5400+30:1800+30"]

1. Nf3 Nf6 2. g3 g6 3. Bg2 Bg7 4. O-O O-O 5. d4 d6 6. Nbd2 {Une ligne
secondaire solide mais pas très ambitieuse} Nbd7 7. e4 e5 8. dxe5 (8. c3 Re8
9. Re1 b6 $11) 8... Nxe5 9. Nxe5 dxe5 10. Nc4 Qe7 11. Qe2 (11.
b3 Rd8 12. Qe2 b6 13. Ba3 Qe6 14. Nb2 Bf8 15. Bxf8 Rxf8 16. Rfd1 Bb7 17. Qc4
Qe7 18. Rd2 Rad8 19. Rxd8 Rxd8 20. Rd1 Rxd1+ 21. Nxd1 Qd6 22. Ne3 Kg7 23. f3
Qd2 24. Nf1 Qd6 25. Ne3 Qd2 26. Nf1 Qd6 {1/2-1/2 (26) Huebner,R (2603)
-Kotronias,V (2607) Penne 2004}) 11... b6 12. Re1 $146 (12. Ne3 Bb7 13. f3 Rfd8
14. Re1 a5 15. Bd2 Qe6 16. Bc3 Bf8 17. Qc4 Qe7 18. Bf1 c6 19. a4 Qc7 20. Rad1
Bc5 21. Kg2 Qe7 22. Qb3 Rxd1 23. Nxd1 Bb4 24. Nf2 Nd7 25. Nd3 c5 26. Nf2 Nb8
27. Bxb4 axb4 28. c3 Nc6 29. Bb5 Na5 30. Qc2 b3 31. Qe2 Rd8 32. Rd1 Bc8 33.
Rxd8+ Qxd8 34. Nd1 Be6 35. Ne3 h5 36. h4 Qd6 37. Kf2 c4 38. Ke1 Qc5 39. Qf2 Qc8
40. Nd5 Bxd5 41. exd5 Qd8 {Karpov,A (2760)-Kotronias,V (2590) Athens 1997 1/
2-1/2}) (12. Rd1 Bg4 13. f3 Be6 14. Ne3 Rad8 15. Bd2 Rd7 16. Bc3 Qc5 17. Rxd7
Nxd7 18. Rd1 (18. Kh1)) 12... Bb7 13. b3 Rfd8 14. Bb2 Nd7 15. Rad1 (15. a4)
15... Nc5 16. f3 f6 17. a4 a5 18. Rxd8+ {Le début d'une simplification pour
jouer le minimum des 25 coups et annuler cette dernière partie.} Rxd8 19. Rd1
Rxd1+ 20. Qxd1 Qd7 21. Qxd7 Nxd7 22. Kf2 Kf7 23. Bf1 Bf8 24. Ne3 Bc5 25. Bc4+
1/2-1/2

[Event "Sautron op 16th"]
[Site "Sautron"]
[Date "2016.10.22"]
[Round "6.7"]
[White "Ider, Borya"]
[Black "Lejarre, Ludovic"]
[Result "1/2-1/2"]
[ECO "A49"]
[WhiteElo "2463"]
[BlackElo "2347"]
[Annotator "RR"]
[PlyCount "105"]
[EventDate "2016.10.22"]
[EventType "swiss"]
[EventRounds "9"]
[EventCountry "FRA"]
[SourceTitle "EXT 2019"]
[Source "ChessBase"]
[SourceDate "2018.10.10"]
[SourceVersion "1"]
[SourceVersionDate "2018.10.10"]
[SourceQuality "1"]
[TimeControl "40/5400+30:1800+30"]
[WhiteClock "0:31:54"]
[BlackClock "0:24:25"]

1. Nf3 Nf6 2. b3 g6 3. Bb2 Bg7 4. g3 O-O 5. Bg2 d6 6. d4 e5 (6... Nbd7) 7. dxe5 Nfd7 (7... Ng4 $143 8. h3 Nxe5 9. Nxe5 dxe5 10. Qxd8 Rxd8 11. Nd2 c6
12. O-O-O $32) 8. Nbd2 (8. O-O) (8. Nc3)
8... Nc6 9. Nc4 (9. O-O dxe5 10. Nc4 Re8 11.
e3 Qe7 12. Ba3 Qf6 13. Bb2 Qe7 14. Nfd2 Nb6 15. Qe2 f5 16. a4 e4 17. Nxb6 axb6
18. Bxg7 Kxg7 19. Nc4 Be6 20. Rfd1 Red8 21. Bf1 Qb4 22. Kg2 Kf6 23. h4 h6 24.
Na3 Rxd1 25. Qxd1 Rd8 26. Qc1 Ne5 27. Nb5 c6 28. Nd4 Qc3 29. Ne2 Qd2 30. Qb2 g5
31. hxg5+ hxg5 32. Nc3 Qd6 33. Rd1 Qe7 34. Rxd8 Qxd8 35. Ne2 Qd6 36. Nd4 Kg6
37. Be2 Bd7 38. Qc3 c5 {Skripchenko,A (2449)-Videnova,I (2315) Plovdiv 2014 1/
2-1/2 (91)}) 9... Ndxe5 10. Nfxe5 Nxe5 11. Nxe5 Bxe5 12. Qc1 (12. Bxe5 dxe5 13. Qxd8 Rxd8 14. Rd1 Rxd1+ 15. Kxd1 Kf8 $11)
12... Qf6 $1 $146 (12... Re8 13. c3 Bg7 14. Qd2 Bg4 15. e3 c6
16. h3 Bf5 17. O-O d5 18. Rac1 Be4 19. Rfd1 Qf6 20. Ba1 Bxg2 21. Kxg2 Qf5 22.
Qd3 Qe4+ 23. Qxe4 Rxe4 24. Rc2 Rd8 25. c4 Bxa1 26. Rxa1 dxc4 27. bxc4 Rd3 28.
Rb1 b6 29. Kf3 Re5 30. Ke2 Ra3 31. h4 Rea5 32. Rbb2 R5a4 33. Kd2 Kf8 34. Kc1
Ke7 35. Kb1 Kd6 36. Rb3 Kc5 37. Rxa3 Rxa3 38. Kb2 Rd3 39. a3 h5 40. Ka2 f6 41.
Kb2 a6 42. Ka2 {Bauza,A (2300)-Crosa Coll,M (2215) Montevideo 2000 0-1}) 13. c3
$11 {[%emt 0:00:23] Sans surprise le début peu ambitieux des Blancs n'a non
seulement donné aucun avantage mais les Blancs doivent maintenant lutter pour
garder l'égalité.} Qe7 14. O-O Bg7 15. Re1 (15. Qd2) 15... Rb8 16. c4 b6 17. Bxg7 Kxg7 18. Qd2 Re8 19. Rac1 a5 20. a3 Qe5 21. Rc3 Bg4 22. Bc6 Red8 23. Re3 Qf6 24. b4 axb4 25. axb4 Bd7 26. Bd5 Be6 27. b5 Bxd5 28. cxd5 Ra8 29. Rc1 Rd7 30. Rc4 (30. Rec3 Qd8 31.
Qb2 Kg8) 30... Ra5 31. Qb4 Re7 {[%emt 0:06:01] Plus que 04 mns pour passer le contrôle de temps} 32.
Rf3 Qe5 33. e4 Qa1+ 34. Kg2 Qe5 35. Rfc3 {
[%emt 0:00:06] Les Noirs n'ont qu'une seule faiblesse relativement facile à
protéger} Ra7 36. Rc2 f5 37. f4 Qa1 $6 {[%emt 0:00:30] Joué quasiment à tempo mais
les Noirs n'avaient plus qu'une minute à la pendule} (37... Qf6) 38. e5 $1 Ra2 39. e6 (39.
exd6 Re2+) 39... Rxc2+ 40. Rxc2 Qd1 {[%emt 0:
00:00] Le contrôle de temps est passé ùais la position Noire est difficile
à cause du P passé} 41. Qb2+ Kh6 42. Rd2 Qe1 43. Qd4 Re8 44. Rc2 Ra8 $1 45. Qd2 Qe4+ 46. Kh3 Ra3 47. Rxc7 Qf3 48. Qb2 Qg4+ 49. Kg2 Qf3+ 50. Kh3 Qg4+ 51. Kg2 Qf3+ 52. Kg1 Qd1+ 53. Kg2 1/2-1/2